 Dungeon Crawl Stone Soup version 0.31-a0-524-g2a164cf6a2 (webtiles) character file.

Game seed: 4307601072988425586

29 AdnanSaban the Shield-Bearer (level 3, 0/23 HPs)
             Began as a Gargoyle Fighter on Aug 12, 2023.
             Slain by a goblin
             ... wielding a +0 club
             ... led by Robin
              (4 damage)
             ... on level 2 of the Dungeon.
             The game lasted 00:00:42 (757 turns).

AdnanSaban the Shield-Bearer (Gargoyle Fighter)      Turns: 757, Time: 00:00:42

Health: 0/23       AC: 10    Str: 21    XL:     3   Next: 16%
Magic:  3/3        EV:  9    Int:  8    God:
Gold:   47         SH:  4    Dex:  9    Spells: 2/2 levels left

rFire   . . .        a - +0 flail
rCold   . . .        c - +0 buckler
rNeg    + . .        b - +0 scale mail
rPois   ∞            (no helmet)
rElec   +            (no cloak)
rCorr   .            (no gloves)
SInv    .            (no boots)
Will    .....        (no amulet) Stlth
                     (no ring)
HPRegen 0.23/turn    (no ring)
MPRegen 0.08/turn

%: no passive effects
@: no status effects
A: sickness immunity, AC +3, negative energy resistance 1, electricity
resistance, torment resistance 1, petrification resistance
a: no special abilities


You were on level 2 of the Dungeon.
You visited 1 branch of the dungeon, and saw 2 of its levels.

You collected 47 gold pieces.

Inventory:

Hand Weapons
 a - a +0 flail (weapon)
Armour
 b - a +0 scale mail (worn)
 c - a +0 buckler (worn)
Scrolls
 f - 6 scrolls of identify {unknown}
 g - 2 scrolls of revelation {unknown}
 h - 2 scrolls of noise {unknown}
Potions
 d - a potion of might
 e - a potion of enlightenment {unknown}
 i - a potion of brilliance {unknown}
 j - a potion of invisibility {unknown}


   Skills:
 + Level 3.5 Fighting
 + Level 2.4 Maces & Flails
 + Level 3.6 Armour
 + Level 3.7 Shields


You had 2 spell levels left.
You didn't know any spells.
Your spell library was empty.

Dungeon Overview and Level Annotations

Branches:
Dungeon (2/15)

Altars:

Annotations:
D:2 Robin


Innate Abilities, Weirdness & Mutations

You are immune to sickness and miasma.
Your stone body is resilient. (AC +3)
You are immune to poison.
You resist negative energy. (rN+)
You are resistant to electric shocks. (rElec)
You are resistant to unholy torment.
You are immune to petrification.


Message History

The goblin attacks as you move away! The goblin closely misses you.
You barely miss the hobgoblin.
The hobgoblin is moderately wounded.
The hobgoblin hits you. Robin throws the goblin at you!
You closely miss the hobgoblin.
The hobgoblin is moderately wounded.
The hobgoblin hits you.
Robin hits you from afar with a +0 trident.
The goblin barely misses you. You block the goblin's attack.
You block the hobgoblin's attack.
Robin hits you from afar with a +0 trident.
You closely miss the hobgoblin. The hobgoblin barely misses you.
The goblin barely misses you. Robin completely misses you.
You barely miss the hobgoblin. Robin hits you but does no damage.
The hobgoblin barely misses you. The goblin closely misses you.
You closely miss the hobgoblin. The hobgoblin hits you.
You block Robin's attack. The goblin hits you with a +0 club.
* * * LOW HITPOINT WARNING * * *
You block the goblin's attack. You block the hobgoblin's attack.
Robin closely misses you.
Unknown command.
You closely miss the hobgoblin.
The goblin no longer looks unusually strong.
You block the hobgoblin's attack.
Robin roars a battlecry!
The goblin goes into a battle-frenzy!
The goblin hits you but does no damage.
You hear a shout!
You closely miss the goblin. You block the hobgoblin's attack.
Robin barely misses you. The goblin hits you but does no damage.
You barely miss the goblin.
The hobgoblin hits you but does no damage.
Robin hits you but does no damage. The goblin hits you with a +0 club.
* * * LOW HITPOINT WARNING * * *
The goblin hits you but does no damage.
Robin roars a battlecry!
The hobgoblin hits you but does no damage.
The hobgoblin no longer looks unusually strong.
The goblin hits you with a +0 club.
You die...

######.#.#
#?g.g....#
#g####.###
##.### #@g..#
# #..### #.
#†.# #.##..#
#....<#
###...### #
##......###.#
##.)...[.....#
#.........####


You could see Robin, a hobgoblin and a goblin (strong).

Vanquished Creatures
  A worm (D:2)
  4 ball pythons (D:1)
  An endoplasm (D:1)
  A giant cockroach (D:1)
  3 goblins
  4 hobgoblins
  4 bats (D:1)
  A frilled lizard (D:1)
  A kobold (D:1)
  5 rats
25 creatures vanquished.

Notes
Turn   | Place    | Note
-------+----------+-------------------------------------------
     0 | D:1      | AdnanSaban the Gargoyle Fighter began the quest for the
                  | Orb.
     0 | D:1      | Reached XP level 1. HP: 14/14 MP: 1/1
   248 | D:1      | Reached XP level 2. HP: 13/19 MP: 2/2
   702 | D:2      | Reached XP level 3. HP: 23/23 MP: 3/3
   742 | D:2      | Noticed Robin
   757 | D:2      | Slain by a goblin

Illustrated notes

Levels and vault maps discovered:
D:1:      psy_arrival_wood_between_worlds, layout_loops_cross,
          minmay_box_of_dots
D:2:      layout_loops_ring, serial_rivers, chequers_serial_rivers_micro_a,
          chequers_serial_rivers_room_b, chequers_serial_rivers_micro_c,
          chequers_serial_rivers_small_3, chequers_serial_rivers_micro_c,
          chequers_serial_rivers_room_b, uniq_terence, uniq_robin

Action                     || total
---------------------------++-------
  Melee: Flail             ||    71
 Armour: Scale mail        ||    54
  Dodge: Dodged            ||    46
  Block: Buckler           ||    23

Table legend: (Time is in decaauts)
 A = Elapsed time spent in this place.
 B = Non-inter-level travel time spent in this place.
 C = Inter-level travel time spent in this place.
 D = Time resting spent in this place.
 E = Time spent auto-exploring this place.
 F = Levels seen in this place.
 G = Mean time per level.
                   A        B        C        D        E       F      G
               +--------+--------+--------+--------+--------+-----+--------+
         Total |    779 |    777 |      2 |      0 |    608 |   2 |  389.5 |
       Dungeon |    779 |    777 |      2 |      0 |    608 |   2 |  389.5 |
               +--------+--------+--------+--------+--------+-----+--------+

Top non-repeatable levels by time:
     D:1: 705 daAuts
     D:2: 74 daAuts
